 Dungeon Crawl Stone Soup version 0.24.0-123-gd5b16e6ec5 (webtiles) character file.

Game seed: 13139813403185710180, levelgen mode: deterministic

53 Curus the Poker (level 3, -9/31 HPs)
             Began as a Minotaur Abyssal Knight on Dec 24, 2019.
             Was a Believer of Lugonu.
             Shot with an arrow by a centaur (19 damage)
             ... on level 2 of the Dungeon.
             The game lasted 00:05:34 (1390 turns).

Curus the Poker (Minotaur Abyssal Knight)           Turns: 1390, Time: 00:05:34

Health: -9/31      AC:  3    Str: 16    XL:     3   Next: 62%
Magic:  4/4        EV: 10    Int:  9    God:    Lugonu [**....]
Gold:   119        SH:  3    Dex: 10    Spells: 2/2 levels left

rFire    . . .     SeeInvis .   a - +1 spear
rCold    + . .     Gourm    .   d - +0 buckler
rNeg     . . .     Faith    .   b - +0 leather armour
rPois    .         Spirit   .   (helmet restricted)
rElec    .         Reflect  .   (no cloak)
rCorr    .         Harm     +   (no gloves)
MR       .....     Rnd*Tele +   (no boots)
Stlth    +.........             g - amulet of harm
HPRegen  0.10/turn              f - ring of protection from cold
MPRegen  0.09/turn              k - ring of teleportation (curse)

@: no status effects
A: retaliatory headbutt, horns 2
a: Depart the Abyss, Bend Space, Renounce Religion


You were on level 2 of the Dungeon.
You worshipped Lugonu.
Lugonu was pleased with you.
You were not hungry.

You visited 1 branch of the dungeon, and saw 2 of its levels.
You visited the Abyss 1 time.

You collected 119 gold pieces.

Inventory:

Hand Weapons
 a - a +1 spear (weapon)
Armour
 b - a +0 leather armour (worn)
 d - a +0 buckler (worn)
Jewellery
 f - a ring of protection from cold (left hand)
 g - an amulet of harm (around neck)
 h - an uncursed ring of protection from cold
 k - a cursed ring of teleportation (right hand)
 l - an uncursed ring of wizardry
Scrolls
 i - 3 scrolls of teleportation
Potions
 e - a potion of invisibility
 j - 2 potions of curing
 m - a potion of heal wounds
Comestibles
 c - 2 rations


   Skills:
 - Level 3.6 Fighting
 + Level 3.8 Polearms
 - Level 2.4 Armour
 - Level 1.1 Dodging
 + Level 3.0 Invocations


You had 2 spell levels left.
You didn't know any spells.
Your spell library was empty.

Dungeon Overview and Level Annotations

Branches:
Dungeon (2/15)

Altars:
Qazlal


Innate Abilities, Weirdness & Mutations

You reflexively headbutt those who attack you in melee.
You have a pair of horns on your head.


Message History

You see here a bat skeleton.
Eat a chunk of flesh? (ye/n/q)
You eat the chunk of flesh.
This raw flesh tastes terrible.
A centaur comes into view.
The centaur wields a +0 shortbow.
The centaur shoots an arrow.
The arrow hits you!
The centaur shoots an arrow.
The arrow misses you.
You see here 2 arrows.
Attack whom?
Press: ? - help, Dir - move target cursor, f - centaur
Aim: a centaur, wielding a +0 shortbow You reach to attack!
You closely miss the centaur.
The centaur shoots an arrow.
The arrow hits you!
Attack whom?
Press: ? - help, Dir - move target cursor, f/p - centaur
Aim: a centaur, wielding a +0 shortbow You reach to attack!
You hit the centaur.
The centaur is moderately wounded.
The centaur shoots an arrow.
The arrow hits you!
Ouch! That really hurt!
You die...

######## # ####
.......#.# #... #
######.#.#.# #..#.#
######...#.# #.<#.####
.......#.#.## #...c...#
..<.........# ##@#
###.÷.......#.##.#######
..................>....#
###.........#.##.#÷#####
#....)....# #.#.#
#####........#.#.#
#........#.#.# #
.........#.#.#
#.#######.##.#.######


You could see a centaur.

Vanquished Creatures
  An adder (D:2)
  An ooze (D:2)
  A worm (D:2)
  2 leopard geckos
  A giant cockroach (D:2)
  4 goblins (D:1)
  5 hobgoblins
  2 jackals (D:2)
  3 ball pythons
  4 bats
  3 frilled lizards
  4 kobolds (D:1)
  A rat (D:1)
32 creatures vanquished.

Notes
Turn   | Place    | Note
-------+----------+-------------------------------------------
     0 | Abyss:1  | Curus the Minotaur Abyssal Knight began the quest for the
                  | Orb.
     0 | Abyss:1  | Reached XP level 1. HP: 19/19 MP: 1/1
    62 | Abyss:1  | Found a transporter.
    63 | Abyss:1  | Noticed a wretched star
    66 | Abyss:1  | Found a corrupted altar of Lugonu.
    66 | Abyss:1  | Noticed a tentacled monstrosity
    66 | Abyss:1  | Noticed an orange demon
    66 | Abyss:1  | Noticed a glowing orange brain
    66 | Abyss:1  | Noticed a tentacled monstrosity
    66 | Abyss:1  | Noticed a small abomination
    66 | Abyss:1  | Noticed an orange demon
    66 | Abyss:1  | Noticed a sea snake
    66 | Abyss:1  | a glowing orange brain changed into a sea snake
    66 | Abyss:1  | Noticed a red draconian
    67 | Abyss:1  | Noticed a faun
    67 | Abyss:1  | a sea snake changed into a faun
    85 | Abyss:1  | Noticed a large abomination
   114 | Abyss:1  | Noticed a large abomination
   115 | D:1      | Escaped the Abyss
   210 | D:1      | Reached * piety under Lugonu
   404 | D:1      | Reached XP level 2. HP: 26/26 MP: 2/2
  1200 | D:2      | Reached XP level 3. HP: 31/31 MP: 2/4
  1256 | D:2      | Found a stormy altar of Qazlal.
  1311 | D:2      | Reached ** piety under Lugonu
  1388 | D:2      | Noticed a centaur
  1390 | D:2      | Shot with an arrow by a centaur

Levels and vault maps discovered:
D:1:      dpeg_arrival_signposts, layout_basic
D:2:      minmay_alternating_diamond, layout_basic,
          grunt_temple_overflow_holy_war, minitemple,
          nicolae_qazlal_eye_of_the_storm

Skill      XL: |  1  2  3 |
---------------+----------+-----
Invocations    | 2 3 |  3.0
Polearms       | 3 |  3.8
Fighting       | |  3.6
Armour         | |  2.4
Dodging        | |  1.1

Action                   || total
-------------------------++-------
Melee: Spear             ||    97
       Headbutt          ||     7
Invok: Depart the Abyss  ||     1
  Use: Scroll            ||     4
       Potion            ||     3
 Stab: Sleeping          ||     1
  Eat: Chunk             ||     2
Armor: Leather armour    ||    22
Dodge: Dodged            ||    31
Block: Buckler           ||     5
